 Dungeon Crawl Stone Soup version 0.29-a0-323-g050149af67 (webtiles) character file.

Game seed: 11611798870479559936

0 spiderkeys the Ducker (level 1, -13/11 HPs)
             Began as a Spriggan Abyssal Knight on Apr 11, 2022.
             Was a Believer of Lugonu.
             Mangled by a harpy simulacrum (18 damage)
             ... on level 1 of the Abyss.
             The game lasted 00:01:51 (384 turns).

spiderkeys the Ducker (Spriggan Abyssal Knight)      Turns: 384, Time: 00:01:51

Health: -13/11     AC:  2    Str:  5    XL:     1   Next: 0%
Magic:  2/2        EV: 17    Int: 11    God:    Lugonu [**....]
Gold:   0          SH:  0    Dex: 15    Spells: 0/0 levels left

rFire   . . .      SeeInvis +   a - +1 short sword
rCold   . . .      Faith    .   (no shield)
rNeg    . . .      Spirit   .   b - +0 robe
rPois   .          Reflect  .   (helmet restricted)
rElec   .          Harm     .   (no cloak)
rCorr   .          Rampage  .   (gloves unavailable)
Will    .....                   (boots unavailable)
Stlth   +.........              (no amulet)
HPRegen 0.03/turn               (no ring)
MPRegen 0.08/turn               (no ring)

@: very quick
A: very small, no large weapons, unfitting armour, see invisible, speed 3, [low
MP 2], [weak 2]
a: Renounce Religion, Depart the Abyss, Bend Space


You were on level 1 of the Abyss.
You worshipped Lugonu.
Lugonu was pleased with you.
You visited 0 branches of the dungeon, and saw 0 of its levels.
You visited the Abyss 1 time.


Innate Abilities, Weirdness & Mutations

You are very small and have problems with some larger weapons.
You are too small for most types of armour.
You have supernaturally acute eyesight. (SInv)
You cover ground extremely quickly. (Speed+++)
[Your magical capacity is very low. (-20% MP)]
[You are very weak. (Str -4)]


   Skills:
 + Level 2.4 Fighting
 + Level 2.1 Short Blades
 + Level 3.2 Dodging
 + Level 0.0 Stealth
 + Level 1.7 Invocations


You couldn't memorise any spells.
You didn't know any spells.
Your spell library was empty.

Inventory:

Hand Weapons
 a - a +1 short sword (weapon)
Armour
 b - a +0 robe (worn)

Dungeon Overview and Level Annotations

Branches:
Dungeon (0/15)

Altars:

.. #. #.## ###.#.#
## ## .. .# #.
.##. ##..####
#.###..###..#.#.#
#.....##...#.#..#
#.@Z..##.#..#
#.##..#####.#
###...# #..#
...#..# #. .#
#...##.#..#......#
#...##.# X.#.##..
# .# #....###.
##.. #.# #.# #.##
## # # .###. ..


You could see a harpy simulacrum.


Message History

🤖 Initializing magus.rc ...
Options error: Bad monster_list_colour key: strict_neutral (~/.crawlrc:5438) ✅ Successfully initialized magus.rc [v1.11.3] Welcome, spiderkeys the Spriggan Abyssal Knight.
The terrific Orb of Zot lies far below, as if waiting for you to find it.
Lugonu says: Depart the Abyss and spread corruption, my servant! (use the ability menu to exit the Abyss) Press ? for a list of commands and other information.
Found a corrupted altar of Lugonu.
Key pressed, stopping explore.
Unknown command.
Found a gateway leading deeper into the Abyss.
A sixfirhy comes into view.
There is a gateway leading deeper into the Abyss here.
A large abomination comes into view.
A ynoxinul comes into view.
The ynoxinul gestures.
An ancient zyme comes into view.
You feel yourself growing ill in the presence of the ancient zyme.
The ufetubus shouts!
You hear a shout!
A white imp comes into view.
You feel ill.
A tentacled starspawn comes into view.
Tentacles burst from the starspawn's body! 2 starspawn tentacles come into view.
An ancient zyme comes into view.
A smoke demon comes into view.
The smoke demon roars! 2 wretched stars come into view.
The wretched star pulses with an eldritch light!
You feel weaker. x2
You feel your health improve.
The wretched star glows turbulently.
The lance of force misses you.
The wretched star pulses with an eldritch light!
You feel less energetic. x2 😎 MP[-1]
A large abomination comes into view.
A harpy simulacrum comes into view.
The harpy simulacrum attacks as you move away!
The harpy simulacrum claws you.
Ouch! That really hurt!
* * * LOW HITPOINT WARNING * * *
The harpy simulacrum freezes you!!
Ouch! That really hurt!
You die...

Action                   || total
-------------------------++-------
Dodge: Dodged            ||     1

Levels and vault maps discovered:
Abyss:1:  base: Temple, base:
Temple

Notes
Turn   | Place    | Note
-------+----------+-------------------------------------------
     0 | Abyss:1  | spiderkeys the Spriggan Abyssal Knight began the quest for
                  | the Orb.
     0 | Abyss:1  | Reached XP level 1. HP: 11/11 MP: 3/3
     0 | Abyss:1  | magus.rc [v1.11.3]
   158 | Abyss:1  | Noticed a sixfirhy
   190 | Abyss:1  | Noticed a large abomination
   201 | Abyss:1  | Noticed a ynoxinul
   225 | Abyss:1  | Noticed an ancient zyme
   251 | Abyss:1  | Noticed a bone dragon
   260 | Abyss:1  | Noticed a tentacled starspawn
   291 | Abyss:1  | Noticed an ancient zyme
   295 | Abyss:1  | Noticed a smoke demon
   297 | Abyss:1  | Noticed a wretched star
   297 | Abyss:1  | Noticed a wretched star
   333 | Abyss:1  | Noticed a quicksilver dragon skeleton
   368 | Abyss:1  | Noticed a large abomination
   378 | Abyss:1  | Noticed a harpy simulacrum
   384 | Abyss:1  | Mangled by a harpy simulacrum

Vanquished Creatures (others)
  2 starspawn tentacles (Abyss:1)
2 creatures vanquished.

Table legend:
 A = Non-vault XP
 B = Vault XP
 C = Vault XP percentage of total XP
 D = Non-vault monster count
 E = Vault monster count
 F = Vault count percentage of total count
                 A         B        C        D         E       F
            +---------+---------+-------+---------+---------+-------
      Total |       0 |       0 |   N/A |       0 |       0 |  -nan
            +---------+---------+-------+---------+---------+-------
            +---------+---------+-------+---------+---------+-------

Illustrated notes

Table legend: (Time is in decaauts)
 A = Elapsed time spent in this place.
 B = Non-inter-level travel time spent in this place.
 C = Inter-level travel time spent in this place.
 D = Time resting spent in this place.
 E = Time spent auto-exploring this place.
 F = Levels seen in this place.
 G = Mean time per level.
                   A        B        C        D        E       F      G
               +--------+--------+--------+--------+--------+-----+--------+
         Total |    230 |    230 |      0 |      0 |     82 |   1 |  230.0 |
         Abyss |    230 |    230 |      0 |      0 |     82 |   1 |  230.0 |
               +--------+--------+--------+--------+--------+-----+--------+

Top non-repeatable levels by time:
 Abyss:1: 230 daAuts
